 Dungeon Crawl Stone Soup version 0.20.1-1-g8b1a95d (webtiles) character file.

116 letownia2 the Grave Robber (level 4, -3/36 HPs)
             Began as a Deep Dwarf Necromancer on Dec 18, 2017.
             Slain by Purgy (5 damage)
             ... in a sewer.
             The game lasted 00:04:05 (865 turns).

letownia2 the Grave Robber (Deep Dwarf Necromancer)  Turns: 865, Time: 00:04:06

Health: -3/36      AC:  5    Str: 11    XL:     4   Next: 69%
Magic:  0/7        EV: 11    Int: 17    God:
Gold:   47         SH:  0    Dex: 13    Spells: 3/7 levels left

rFire    . . .     SeeInvis .   h - -1 short sword (curse)
rCold    . . .     Gourm    .   (no shield)
rNeg     . . .     Faith    .   d - +0 ring mail
rPois    .         Spirit   .   (no helmet)
rElec    .         Reflect  .   (no cloak)
rCorr    .         Harm     .   (no gloves)
MR       .....                  (no boots)
Stlth    +.........             (no amulet)
Regen    0.0/turn               (no ring)
MPRegen  0.1/turn               (no ring)

@: non-regenerating
A: damage resistance, heal wounds, sense surroundings 1, no regeneration
a: Heal Wounds


You were in a sewer.
You were not hungry.

You visited 1 branch of the dungeon, and saw 3 of its levels.
You also visited: Sewer.

You collected 47 gold pieces.

Inventory:

Hand Weapons
 h - a cursed -1 short sword (weapon)
Armour
 d - a +0 ring mail (worn)
Magical Staves
 e - an uncursed staff of wizardry
Scrolls
 g - 2 scrolls of identify {unknown}
 i - a scroll of teleportation {unknown}
 k - a scroll of summoning {unknown}
Potions
 j - a potion of invisibility {unknown}
Books
 b - a book of Necromancy

   Spells                             Type                      Level
   a - Pain                           Necromancy                   1
   b - Animate Skeleton               Necromancy                   1
   c - Vampiric Draining              Necromancy                   3
   d - Regeneration                   Charms/Necromancy            3
   e - Animate Dead                   Necromancy                   4
   f - Control Undead                 Necromancy                   4
Comestibles
 c - a bread ration
 f - a royal jelly


   Skills:
 - Level 2.1 Dodging
 - Level 2.4 Stealth
 - Level 2.2 Spellcasting
 + Level 6.4 Necromancy


You had 3 spell levels left.
You knew the following spells:

 Your Spells              Type           Power        Failure   Level  Hunger
a - Pain                  Necr           ###.         3%          1    #......
v - Vampiric Draining     Necr           ###.......   10%         3    ###....


Dungeon Overview and Level Annotations

Branches:
Dungeon (3/15)

Altars:

Annotations:
Sewer Purgy


Innate Abilities, Weirdness & Mutations

You are resistant to damage.
You can heal yourself by infusing magical energy.
You passively map a small area around you.
You do not regenerate.


Message History

You hit Purgy.
Purgy is severely wounded.
Purgy barely misses you. Purgy claws you. x2
Unknown command.
You closely miss Purgy.
Purgy is severely wounded.
Purgy bites you but does no damage. Purgy claws you.
Purgy claws you but does no damage.
Unknown command.
You hit Purgy but do no damage.
Purgy is severely wounded.
Purgy misses you. Purgy claws you. Purgy closely misses you.
You hit Purgy.
Purgy is severely wounded.
Purgy bites you. Purgy closely misses you. Purgy claws you.
Unknown command.
You hit Purgy but do no damage.
Purgy is severely wounded.
Purgy bites you.
You die...

#####################
#.##.##.##.##.##.##.#
#.##.##.##.##.##.##.#
#'##'##'##'##'##'##'#
###.................÷.#######
≈≈#≈≈≈≈≈≈≈≈≈.≈≈≈≈≈≈≈≈≈#≈≈≈≈≈≈
≈≈#≈≈≈≈≈≈≈≈≈∩≈≈≈≈≈≈≈≈≈#≈≈≈≈≈≈
≈≈#≈≈≈≈≈≈≈≈≈.≈≈≈≈≈≈≈≈≈#≈≈≈≈≈≈
###......(.....T@.....#######*
#'##'##'##.##÷##'##'#
#.##.##.##.##.##.##.#
#.##.##.##∩##.##.##.#
#####################


You could see Purgy.

Vanquished Creatures
  A big kobold (Sewer)
  2 adders (D:3)
  A river rat (D:3)
  2 ball pythons
  A bat (D:2)
  3 giant cockroaches
  A goblin (D:3)
  5 frilled lizards
  3 kobolds
  A rat (D:3)
20 creatures vanquished.

Notes
Turn   | Place    | Note
-------+----------+-------------------------------------------
     0 | D:1      | letownia2 the Deep Dwarf Necromancer began the quest for the Orb.
     0 | D:1      | Reached XP level 1. HP: 15/15 MP: 3/3
   208 | D:3      | Reached XP level 2. HP: 22/22 MP: 0/5
   333 | D:3      | Reached skill level 5 in Necromancy
   373 | D:3      | Reached XP level 3. HP: 25/28 MP: 1/6
   387 | D:3      | Learned a level 3 spell: Vampiric Draining
   495 | D:3      | Found a glowing drain.
   518 | Sewer    | Entered a sewer
   583 | Sewer    | Noticed a big kobold
   634 | Sewer    | Killed a big kobold
   634 | Sewer    | Reached skill level 6 in Necromancy
   634 | Sewer    | Reached XP level 4. HP: 26/36 MP: 0/7
   705 | Sewer    | Noticed Purgy
   865 | Sewer    | Slain by Purgy

Skill      XL: |  1  2  3 |
---------------+----------+-----
Spellcasting   | 2 |  2.2
Necromancy     | 5 6 |  6.4
Dodging        | |  2.1
Stealth        | |  2.4

Action                   |  1- 3 |  4- 6 || total
-------------------------+-------+-------++-------
Melee: Unarmed           |     6 |       ||     6
       Staff             |     1 |       ||     1
       Short sword       |       |    30 ||    30
Throw: Throwing net      |       |     2 ||     2
 Cast: Pain              |    45 |    12 ||    57
       Vampiric Draining |     1 |     3 ||     4
  Eat: Chunk             |       |     1 ||     1
Armor: Ring mail         |    12 |    20 ||    32
Dodge: Dodged            |    28 |    51 ||    79
